TOP OF THE 1ST |
University of Illinois Fighting Illini batting - Pitching for Clemson University Tigers : RHP Joachim Marot
|
Pitching: RHP Joachim Marot
|
|
Batting: RHB Qian Tai
|
0-0: Ball 1-0: Ball 2-0: Ground out 6-3 (Groundball, 6, EV 98.8 MPH)
|
Batting: SHB Josh Thomson
|
0-0: Called Strike 0-1: Swinging Strike 0-2: Foul Ball, location: 2F 0-2: Foul Ball, location: 2F 0-2: Ball 1-2: Ball 2-2: SINGLE (Groundball, 25, EV 68.1 MPH) (infield hit)
|
Batting: SHB Dan Strickland
|
0-0: Foul Ball, location: 2F 0-1: Swinging Strike 0-2: Ball 1-2: Ball 2-2: Ball 3-2: SINGLE (Line Drive, 7S, EV 96.9 MPH) Josh Thomson to second
|
Batting: LHB Alex Rivera
|
0-0: Foul Ball, location: 2F 0-1: Foul Ball, location: 2F 0-2: Foul Ball, location: 2F 0-2: Foul Ball, location: 2F 0-2: Ball 1-2: Ball 2-2: Strikes out swinging
|
Batting: RHB Edwardo Tanchez
|
0-0: Foul Ball, location: 2F 0-1: Ball 1-1: Called Strike 1-2: Foul Ball, location: 2F 1-2: Strikes out swinging
|
Top of the 1st over - 0 runs, 2 hits, 0 errors, 2 left on base; University of Illinois 0 - Clemson University 0 |
BOTTOM OF THE 1ST |
Clemson University Tigers batting - Pitching for University of Illinois Fighting Illini : RHP Victor Altagracia
|
Pitching: RHP Victor Altagracia
|
|
Batting: LHB Steve Gates
|
0-0: SINGLE (Groundball, 4MD, EV 96.2 MPH)
|
Batting: LHB Wade Girard
|
0-0: Ball 1-0: Fly out, F9 (Flyball, 9, EV 92.5 MPH)
|
Batting: RHB Josh LeSage
|
0-0: Foul Ball, location: 2F 0-1: Ball 1-1: Ball 2-1: 2-RUN HOME RUN (Flyball, 78XD, EV 111.2 MPH), Distance : 445 ft
|
Batting: RHB Jason Duncan
|
0-0: Ball 1-0: Ball 2-0: Called Strike 2-1: Ground out 6-3 (Groundball, 6, EV 83.1 MPH)
|
Batting: RHB Nick Ellis
|
0-0: Called Strike 0-1: Ground out U3 (Groundball, 13, EV 82.5 MPH)
|
Bottom of the 1st over - 2 runs, 2 hits, 0 errors, 0 left on base; University of Illinois 0 - Clemson University 2 |
TOP OF THE 2ND |
University of Illinois Fighting Illini batting - Pitching for Clemson University Tigers : RHP Joachim Marot
|
Batting: LHB Antonio Sandoval
|
0-0: Foul Ball, location: 2F 0-1: SINGLE (Groundball, 34D, EV 98.8 MPH)
|
Batting: RHB Arnold Schuler
|
0-0: Ball 1-0: Swinging Strike 1-1: Ball 2-1: Reached on error, E6 (Groundball, 6, EV 101.9 MPH) Antonio Sandoval to second
|
Batting: LHB Alex Ramos
|
0-0: Swinging Strike 0-1: Foul Ball, location: 2F 0-2: Ball 1-2: DOUBLE (Flyball, 7LD, EV 100.6 MPH) Antonio Sandoval scores Arnold Schuler to third
|
Batting: LHB Salvador Ramos
|
0-0: Called Strike 0-1: Ground out U3 (Groundball, 3, EV 81.9 MPH)
|
Batting: RHB Qian Tai
|
0-0: Called Strike 0-1: Ball 1-1: Ground out 5-3 (Groundball, 56, EV 86.9 MPH) Arnold Schuler scores
|
Batting: SHB Josh Thomson
|
0-0: Called Strike 0-1: Ball 1-1: Ball 2-1: Swinging Strike 2-2: Strikes out looking
|
Top of the 2nd over - 2 runs, 2 hits, 1 error, 1 left on base; University of Illinois 2 - Clemson University 2 |
BOTTOM OF THE 2ND |
Clemson University Tigers batting - Pitching for University of Illinois Fighting Illini : RHP Victor Altagracia
|
Batting: LHB George Jedinak
|
0-0: Ball 1-0: Swinging Strike 1-1: Swinging Strike 1-2: Strikes out swinging
|
Batting: RHB Adrian Franz
|
0-0: Foul Ball, location: 2F 0-1: Foul Ball, location: 2F 0-2: Ball 1-2: Strikes out swinging
|
Batting: LHB Bryant Dill
|
0-0: Ground out 4-3 (Groundball, 4, EV 79.4 MPH)
|
Bottom of the 2nd over - 0 runs, 0 hits, 0 errors, 0 left on base; University of Illinois 2 - Clemson University 2 |
TOP OF THE 3RD |
University of Illinois Fighting Illini batting - Pitching for Clemson University Tigers : RHP Joachim Marot
|
Batting: SHB Dan Strickland
|
0-0: Called Strike 0-1: DOUBLE (Line Drive, 9LM, EV 106.2 MPH)
|
Batting: LHB Alex Rivera
|
0-0: Ball 1-0: Ball 2-0: Foul Ball, location: 2F 2-1: Foul Ball, location: 2F 2-2: Strikes out swinging
|
Batting: RHB Edwardo Tanchez
|
0-0: Called Strike 0-1: Ground out 4-3 (Groundball, 4, EV 91.9 MPH) Dan Strickland to third
|
Batting: LHB Antonio Sandoval
|
0-0: Foul Ball, location: 2F 0-1: Ball 1-1: Ball 2-1: Ball 3-1: Foul Ball, location: 2F 3-2: Strikes out swinging
|
Top of the 3rd over - 0 runs, 1 hit, 0 errors, 1 left on base; University of Illinois 2 - Clemson University 2 |
BOTTOM OF THE 3RD |
Clemson University Tigers batting - Pitching for University of Illinois Fighting Illini : RHP Victor Altagracia
|
Batting: RHB Ross Hallock
|
0-0: Called Strike 0-1: Foul Ball, location: 2F 0-2: Ball 1-2: SOLO HOME RUN (Flyball, 7D, EV 100.6 MPH), Distance : 398 ft
|
Batting: LHB Steve Gates
|
0-0: DOUBLE (Line Drive, 78D, EV 108.8 MPH)
|
Batting: LHB Wade Girard
|
0-0: Called Strike 0-1: Foul Ball, location: 2F 0-2: Ball 1-2: Strikes out looking
|
Batting: RHB Josh LeSage
|
0-0: Ball 1-0: Foul Ball, location: 2F 1-1: Ball 2-1: Foul Ball, location: 2F 2-2: Strikes out swinging
|
Batting: RHB Jason Duncan
|
0-0: Called Strike 0-1: Called Strike 0-2: Strikes out swinging
|
Bottom of the 3rd over - 1 run, 2 hits, 0 errors, 1 left on base; University of Illinois 2 - Clemson University 3 |
TOP OF THE 4TH |
University of Illinois Fighting Illini batting - Pitching for Clemson University Tigers : RHP Joachim Marot
|
Batting: RHB Arnold Schuler
|
0-0: Ground out 5-3 (Groundball, 56S, EV 81.9 MPH)
|
Batting: LHB Alex Ramos
|
0-0: Ball 1-0: Ball 2-0: Ball 3-0: Base on Balls
|
Batting: LHB Salvador Ramos
|
0-0: Ball 1-0: Foul Ball, location: 2F 1-1: Ball 2-1: Foul Ball, location: 2F 2-2: Fielders Choice at 2nd, 6-4 (Groundball, 6, EV 81.9 MPH)
|
Batting: RHB Qian Tai
|
0-0: Foul Ball, location: 2F 0-1: Foul Ball, location: 2F 0-2: Ball 1-2: Ball 2-2: SINGLE (Groundball, 56, EV 97.5 MPH) Salvador Ramos to second
|
Batting: SHB Josh Thomson
|
0-0: Ball 1-0: Ground out U3 (Groundball, 3, EV 82.5 MPH)
|
Top of the 4th over - 0 runs, 1 hit, 0 errors, 2 left on base; University of Illinois 2 - Clemson University 3 |
BOTTOM OF THE 4TH |
Clemson University Tigers batting - Pitching for University of Illinois Fighting Illini : RHP Victor Altagracia
|
Batting: RHB Nick Ellis
|
0-0: Ball 1-0: Called Strike 1-1: Called Strike 1-2: Ball 2-2: Ball 3-2: Fly out, F8 (Flyball, 89M, EV 90.0 MPH)
|
Batting: LHB George Jedinak
|
0-0: Called Strike 0-1: Foul Ball, location: 2F 0-2: Ball 1-2: Ball 2-2: Foul Ball, location: 2F 2-2: Hit by Pitch
|
Batting: RHB Adrian Franz
|
0-0: Ball 1-0: Called Strike 1-1: Foul Ball, location: 2F 1-2: Fielders Choice at 2nd, 5-4 (Groundball, 56, EV 95.0 MPH)
|
Batting: LHB Bryant Dill
|
0-0: Called Strike 0-1: Ball 1-1: Ball 2-1: Ball 3-1: Base on Balls Adrian Franz to second
|
Batting: RHB Ross Hallock
|
0-0: SINGLE (Groundball, 56D, EV 103.1 MPH) Adrian Franz to third Bryant Dill to second Runner from 3rd tries for Home, SAFE, throw by LF to home Bryant Dill to third Ross Hallock to second
|
Batting: LHB Steve Gates
|
0-0: Called Strike 0-1: DOUBLE (Line Drive, 9LD, EV 106.9 MPH) Bryant Dill scores Ross Hallock scores
|
Pitching: RHP Jose Ramirez
|
|
Batting: LHB Wade Girard
|
0-0: Reached on error, E3 (Groundball, 3S, EV 81.2 MPH) Steve Gates to third
|
Batting: RHB Josh LeSage
|
0-0: Ball 1-0: Ball 2-0: Ball 3-0: Called Strike 3-1: Reached on error, E6 (Groundball, 6S, EV 64.4 MPH) Steve Gates scores Wade Girard to second
|
Pinch Hitting: LHB Mario Nunez
|
0-0: Called Strike 0-1: Fly out, F9 (Flyball, 9D, EV 83.8 MPH)
|
Bottom of the 4th over - 4 runs, 2 hits, 2 errors, 2 left on base; University of Illinois 2 - Clemson University 7 |
TOP OF THE 5TH |
University of Illinois Fighting Illini batting - Pitching for Clemson University Tigers : RHP Joachim Marot
|
Pitching: RHP Gustavo Carena
|
|
Now at C: Willis Suarez
|
|
Now at 1B: Jonathan Watt
|
|
Now at 3B: Mike Ryan
|
|
Now in LF: Wade Girard
|
|
Now in RF: Mario Nunez
|
|
Pinch Hitting: RHB Bobby Raya
|
0-0: Ground out 1-3 (Groundball, 13S, EV 75.0 MPH)
|
Batting: LHB Alex Rivera
|
0-0: Foul Ball, location: 2F 0-1: Ball 1-1: Ball 2-1: Ball 3-1: Foul Ball, location: 2F 3-2: Ground out 4-3 (Groundball, 34, EV 88.8 MPH)
|
Batting: RHB Edwardo Tanchez
|
0-0: Ball 1-0: Ball 2-0: Ball 3-0: Called Strike 3-1: Called Strike 3-2: Strikes out looking
|
Top of the 5th over - 0 runs, 0 hits, 0 errors, 0 left on base; University of Illinois 2 - Clemson University 7 |
BOTTOM OF THE 5TH |
Clemson University Tigers batting - Pitching for University of Illinois Fighting Illini : RHP Jose Ramirez
|
Now at 3B: Bobby Raya
|
|
Batting: RHB Nick Ellis
|
0-0: Ball 1-0: Swinging Strike 1-1: Swinging Strike 1-2: Strikes out swinging
|
Batting: LHB Jonathan Watt
|
0-0: Swinging Strike 0-1: Fly out, F9 (Flyball, 9, EV 86.9 MPH)
|
Batting: RHB Adrian Franz
|
0-0: Ball 1-0: Foul Ball, location: 2F 1-1: Called Strike 1-2: Ball 2-2: Ball 3-2: Strikes out swinging
|
Bottom of the 5th over - 0 runs, 0 hits, 0 errors, 0 left on base; University of Illinois 2 - Clemson University 7 |
TOP OF THE 6TH |
University of Illinois Fighting Illini batting - Pitching for Clemson University Tigers : RHP Gustavo Carena
|
Batting: RHB Kyle Verkamp
|
0-0: Ball 1-0: Foul Ball, location: 2F 1-1: Called Strike 1-2: Strikes out swinging
|
Pinch Hitting: LHB Jessie Stewart
|
0-0: Fly out, F8 (Line Drive, 8RD, EV 96.9 MPH)
|
Batting: LHB Alex Ramos
|
0-0: Called Strike 0-1: Ball 1-1: Foul Ball, location: 2F 1-2: Ball 2-2: Ball 3-2: Strikes out looking
|
Top of the 6th over - 0 runs, 0 hits, 0 errors, 0 left on base; University of Illinois 2 - Clemson University 7 |
BOTTOM OF THE 6TH |
Clemson University Tigers batting - Pitching for University of Illinois Fighting Illini : RHP Jose Ramirez
|
Now at C: Caleb Dean
|
|
Now at 1B: Jessie Stewart
|
|
Batting: RHB Mike Ryan
|
0-0: Ball 1-0: Ground out U3 (Groundball, 34, EV 81.2 MPH)
|
Batting: RHB Willis Suarez
|
0-0: Called Strike 0-1: Foul Ball, location: 2F 0-2: Ball 1-2: Ground out 5-3 (Groundball, 5, EV 84.4 MPH)
|
Batting: LHB Steve Gates
|
0-0: Called Strike 0-1: Ball 1-1: Fly out, F4 (Line Drive, 4, EV 63.8 MPH)
|
Bottom of the 6th over - 0 runs, 0 hits, 0 errors, 0 left on base; University of Illinois 2 - Clemson University 7 |
TOP OF THE 7TH |
University of Illinois Fighting Illini batting - Pitching for Clemson University Tigers : RHP Gustavo Carena
|
Batting: LHB Salvador Ramos
|
0-0: Ball 1-0: Ground out 6-3 (Groundball, 6, EV 88.1 MPH)
|
Batting: RHB Qian Tai
|
0-0: Swinging Strike 0-1: Ball 1-1: Foul Ball, location: 2F 1-2: Ball 2-2: Strikes out swinging
|
Batting: SHB Josh Thomson
|
0-0: Called Strike 0-1: Swinging Strike 0-2: Ball 1-2: Ball 2-2: Strikes out swinging
|
Top of the 7th over - 0 runs, 0 hits, 0 errors, 0 left on base; University of Illinois 2 - Clemson University 7 |
BOTTOM OF THE 7TH |
Clemson University Tigers batting - Pitching for University of Illinois Fighting Illini : RHP Jose Ramirez
|
Pitching: LHP Willie Tirado
|
|
Batting: LHB Wade Girard
|
0-0: Ground out 6-3 (Groundball, 6, EV 90.6 MPH)
|
Batting: RHB Josh LeSage
|
0-0: Foul Ball, location: 2F 0-1: Ball 1-1: DOUBLE (Flyball, 7LM, EV 102.5 MPH)
|
Batting: LHB Mario Nunez
|
0-0: Ball 1-0: Called Strike 1-1: Ball 2-1: SINGLE (Line Drive, 8LS, EV 91.2 MPH) Josh LeSage to third Runner from 3rd tries for Home, SAFE, throw by CF to home
|
Batting: RHB Nick Ellis
|
0-0: Called Strike 0-1: Ball 1-1: Ball 2-1: Ball 3-1: Base on Balls Mario Nunez to second
|
Batting: LHB Jonathan Watt
|
0-0: Called Strike 0-1: Reached on error, E4 (Groundball, 4, EV 97.5 MPH) Mario Nunez to third Nick Ellis to second
|
Batting: RHB Adrian Franz
|
0-0: Ball 1-0: Ball 2-0: Called Strike 2-1: Called Strike 2-2: Strikes out looking
|
Batting: RHB Mike Ryan
|
0-0: Foul Ball, location: 2F 0-1: Ball 1-1: Swinging Strike 1-2: Strikes out looking
|
Bottom of the 7th over - 1 run, 2 hits, 1 error, 3 left on base; University of Illinois 2 - Clemson University 8 |
TOP OF THE 8TH |
University of Illinois Fighting Illini batting - Pitching for Clemson University Tigers : RHP Gustavo Carena
|
Pitching: LHP Jonathan Hughes
|
|
Batting: RHB Bobby Raya
|
0-0: Swinging Strike 0-1: Foul Ball, location: 2F 0-2: Foul Ball, location: 2F 0-2: Foul Ball, location: 2F 0-2: Ball 1-2: Foul Ball, location: 2F 1-2: Strikes out swinging
|
Batting: RHB Caleb Dean
|
0-0: Swinging Strike 0-1: Swinging Strike 0-2: Ball 1-2: Ball 2-2: Strikes out looking
|
Batting: RHB Edwardo Tanchez
|
0-0: Foul Ball, location: 2F 0-1: Foul Ball, location: 2F 0-2: Strikes out swinging
|
Top of the 8th over - 0 runs, 0 hits, 0 errors, 0 left on base; University of Illinois 2 - Clemson University 8 |
BOTTOM OF THE 8TH |
Clemson University Tigers batting - Pitching for University of Illinois Fighting Illini : LHP Willie Tirado
|
Pitching: RHP Steve Riley
|
|
Batting: RHB Willis Suarez
|
0-0: Ground out 4-3 (Groundball, 4, EV 103.8 MPH)
|
Batting: LHB Steve Gates
|
0-0: Ball 1-0: Called Strike 1-1: Foul Ball, location: 2F 1-2: Ball 2-2: Strikes out looking
|
Batting: LHB Wade Girard
|
0-0: Called Strike 0-1: Ball 1-1: Fly out, F8 (Flyball, 8LM, EV 88.8 MPH)
|
Bottom of the 8th over - 0 runs, 0 hits, 0 errors, 0 left on base; University of Illinois 2 - Clemson University 8 |
TOP OF THE 9TH |
University of Illinois Fighting Illini batting - Pitching for Clemson University Tigers : LHP Jonathan Hughes
|
Pitching: RHP Santos Gonzales
|
|
Batting: RHB Kyle Verkamp
|
0-0: Ball 1-0: Ball 2-0: Foul Ball, location: 2F 2-1: Foul Ball, location: 2F 2-2: SINGLE (Groundball, 34D, EV 104.4 MPH)
|
Batting: LHB Jessie Stewart
|
0-0: Swinging Strike 0-1: Called Strike 0-2: Ball 1-2: Foul Ball, location: 2F 1-2: SINGLE (Line Drive, 8RS, EV 88.8 MPH) Kyle Verkamp to second
|
Batting: LHB Alex Ramos
|
0-0: Called Strike 0-1: Called Strike 0-2: Strikes out swinging
|
Batting: LHB Salvador Ramos
|
0-0: Called Strike 0-1: Ball 1-1: Fly out, F9 (Flyball, 9S, EV 85.6 MPH)
|
Batting: RHB Qian Tai
|
0-0: Foul Ball, location: 2F 0-1: Foul Ball, location: 2F 0-2: Strikes out swinging
|
Top of the 9th over - 0 runs, 2 hits, 0 errors, 2 left on base; University of Illinois 2 - Clemson University 8 |
|